 Dungeon Crawl Stone Soup version 0.27.1 (webtiles) character file.

Game seed: 953536329751039215

112 BOMJPIETVODKU the Digger (level 4, -2/32 HPs)
             Began as a Gnoll Earth Elementalist on Aug 29, 2021.
             Slain by Grinder (6 damage)
             ... on level 3 of the Dungeon.
             The game lasted 00:07:58 (2757 turns).

BOMJPIETVODKU the Digger (Gnoll Earth Elementalist) Turns: 2757, Time: 00:07:58

Health: -2/32      AC:  6    Str:  7    XL:     4   Next: 93%
Magic:  10/11      EV: 13    Int: 16    God:
Gold:   25         SH:  0    Dex: 12    Spells: 12/13 levels left

rFire    . . .     SeeInvis .   e - +0 short sword
rCold    . . .     Faith    .   (no shield)
rNeg     . . .     Spirit   .   b - +1 robe
rPois    .         Reflect  .   (no helmet)
rElec    .         Harm     .   (no cloak)
rCorr    .         Rampage  .   h - +2 pair of gloves
Will     .....                  (no boots)
Stlth    +++.......             (no amulet)
HPRegen  0.10/turn              (no ring)
MPRegen  0.12/turn              (no ring)

@: no status effects
A: fangs 1, strong nose, distributed training
a: no special abilities


You were on level 3 of the Dungeon.
You visited 1 branch of the dungeon, and saw 3 of its levels.

You collected 97 gold pieces.
You spent 72 gold pieces at shops.

Inventory:

Hand Weapons
 a - a +0 dagger
 e - a +0 short sword (weapon)
Missiles
 c - 111 stones
Armour
 b - a +1 robe (worn)
 g - a +1 pair of gloves
 h - a +2 pair of gloves (worn)
 i - a +1 robe of cold resistance
Jewellery
 f - an amulet of guardian spirit
 m - a ring of see invisible
Scrolls
 d - 2 scrolls of immolation
 j - 2 scrolls of teleportation
Potions
 k - a potion of berserk rage {unknown}
 l - a potion of brilliance {unknown}
 n - a potion of haste
 o - a potion of attraction {unknown}


   Skills:
 + Level 1.2 Fighting
 + Level 1.2 Short Blades
 + Level 1.2 Long Blades
 + Level 1.2 Axes
 + Level 1.2 Maces & Flails
 + Level 1.2 Polearms
 + Level 1.2 Staves
 + Level 1.2 Slings
 + Level 1.2 Bows
 + Level 1.2 Crossbows
 + Level 1.2 Throwing
 + Level 1.2 Armour
 + Level 4.7 Dodging
 + Level 4.3 Stealth
 + Level 1.2 Shields
 + Level 1.2 Unarmed Combat
 + Level 5.1 Spellcasting
 + Level 1.0 Conjurations
 + Level 1.0 Hexes
 + Level 1.0 Summonings
 + Level 1.0 Necromancy
 + Level 1.0 Translocations
 + Level 2.3 Transmutations
 + Level 1.0 Fire Magic
 + Level 1.0 Ice Magic
 + Level 1.0 Air Magic
 + Level 5.5 Earth Magic
 + Level 1.0 Poison Magic
 + Level 1.4 Invocations
 + Level 1.2 Evocations


You had 12 spell levels left.
You knew the following spells:

 Your Spells              Type           Power      Damage    Failure   Level
a - Sandblast             Erth           42%        2d11      1%          1

Your spell library contained the following spells:

 Spells                   Type           Power      Damage    Failure   Level
 Passwall                 Tmut/Erth      13%        N/A       4%          2
 Stone Arrow              Conj/Erth      28%        3d8       12%         3
 Petrify                  Tmut/Erth      16%        N/A       30%         4


Dungeon Overview and Level Annotations

Branches:
Dungeon (3/15)

Altars:

Shops:
D:2 :*=!?

Annotations:
D:3 Grinder


Innate Abilities, Weirdness & Mutations

You have very sharp teeth.
Your uncanny sense of smell can sniff out nearby items.
Your experience applies equally to all skills.


Message History

The ball python misses you. The ball python grabs you.
The ball python constricts you.
You hit the ball python.
You kill the ball python!
Found 2 gold pieces.
An adder comes into view.
A hobgoblin comes into view.
You see here 23 arrows.
An endoplasm comes into view.
The adder hisses angrily.
The hobgoblin shouts!
You see here 2 gold pieces.
The blast of sand hits the adder!
You kill the adder!
Found 15 gold pieces.
Grinder comes into view.
The endoplasm quivers.
You hit the hobgoblin.
The hobgoblin is lightly wounded.
The hobgoblin closely misses you.
Grinder says, "My boss said I was rubbish.
His entrails said otherwise."
Grinder blinks!
There are monsters nearby!
There are monsters nearby!
The blast of sand hits the hobgoblin!
You kill the hobgoblin!
The blast of sand hits the endoplasm!
You kill the endoplasm!
You now have enough gold to buy a scroll of fog on D:2.
You can access your shopping list by pressing '$'.
You now have 25 gold pieces (gained 2).
Grinder gestures at you.
You suddenly lose the ability to move!
Grinder hits you!
You writhe in agony.
You can move again.
You closely miss Grinder. You bite Grinder, but do no damage.
Grinder gestures at you. Pain shoots through your body! Grinder hits you!
* * * LOW HITPOINT WARNING * * *
You writhe in agony.
You die...

#.... ......
#....# ......
#.....#......
###..........# .
.......#.....
..## #........
..##.#...†###
........5...#
##.#...@##.$...
#....(#.# ##.
### ##.#...#.#
... #..#.....#
... #.......##
... ###....#.##
...####...#.#..#
#....#.#.#..#
##.####.#.#....


You could see Grinder.

Vanquished Creatures
  Jessica (D:3)
  2 adders
  4 dart slugs
  An orc (D:3)
  6 ball pythons
  4 bats
  3 endoplasms
  3 giant cockroaches
  6 hobgoblins
  4 jackals (D:2)
  5 kobolds
  A quokka (D:1)
  A frilled lizard (D:2)
  8 goblins
  5 rats
54 creatures vanquished.

Notes
Turn   | Place    | Note
-------+----------+-------------------------------------------
     0 | D:1      | BOMJPIETVODKU the Gnoll Earth Elementalist began the quest
                  | for the Orb.
     0 | D:1      | Reached XP level 1. HP: 13/13 MP: 6/6
   254 | D:1      | Reached XP level 2. HP: 13/19 MP: 7/7
   603 | D:1      | Found a faded altar of an unknown god.
  1564 | D:1      | Reached skill level 5 in Spellcasting
  1564 | D:1      | Reached XP level 3. HP: 25/25 MP: 7/9
  1763 | D:2      | Found Wivit's Magic Scroll Shoppe.
  1783 | D:2      | Bought a scroll of teleportation for 36 gold pieces
  1831 | D:2      | Found Unifeddiur's Distillery.
  1948 | D:2      | Reached skill level 1 in Invocations
  2086 | D:2      | Reached skill level 1 in Fighting
  2086 | D:2      | Reached skill level 1 in Short Blades
  2086 | D:2      | Reached skill level 1 in Long Blades
  2086 | D:2      | Reached skill level 1 in Axes
  2086 | D:2      | Reached skill level 1 in Maces & Flails
  2086 | D:2      | Reached skill level 1 in Polearms
  2086 | D:2      | Reached skill level 1 in Staves
  2086 | D:2      | Reached skill level 1 in Slings
  2086 | D:2      | Reached skill level 1 in Bows
  2086 | D:2      | Reached skill level 1 in Crossbows
  2086 | D:2      | Reached skill level 1 in Throwing
  2086 | D:2      | Reached skill level 1 in Armour
  2086 | D:2      | Reached skill level 1 in Shields
  2086 | D:2      | Reached skill level 1 in Unarmed Combat
  2086 | D:2      | Reached skill level 1 in Evocations
  2170 | D:2      | Found Sebud's Book Emporium.
  2175 | D:2      | Reached XP level 4. HP: 32/32 MP: 11/11
  2196 | D:2      | Found Xucsas's Assorted Antiques.
  2234 | D:2      | Bought a scroll labelled HUUDDUK AFUE for 18 gold pieces
  2234 | D:2      | Bought a scroll labelled SOMIYM RENEPAA for 18 gold pieces
  2330 | D:2      | Found Qagaosa's Jewellery Boutique.
  2602 | D:3      | Noticed Jessica
  2614 | D:3      | Killed Jessica
  2615 | D:3      | Reached skill level 1 in Conjurations
  2615 | D:3      | Reached skill level 1 in Hexes
  2615 | D:3      | Reached skill level 1 in Summonings
  2615 | D:3      | Reached skill level 1 in Necromancy
  2615 | D:3      | Reached skill level 1 in Translocations
  2615 | D:3      | Reached skill level 1 in Fire Magic
  2615 | D:3      | Reached skill level 1 in Ice Magic
  2615 | D:3      | Reached skill level 1 in Air Magic
  2615 | D:3      | Reached skill level 1 in Poison Magic
  2741 | D:3      | Noticed Grinder
  2750 | D:3      | Paralysed by Grinder for 7 turns
  2757 | D:3      | Slain by Grinder

Illustrated notes

Levels and vault maps discovered:
D:1:      matt_arrival_los_fun, layout_basic, ebering_ecumenical_altar_webs
D:2:      layout_loops_cross, serial_shops, nicolae_shop_window_shopping, shop,
          shop, shop, nicolae_shop_waterfront, chequers_serial_rivers_micro_b
D:3:      layout_rooms, minmay_misc_feat_square, uniq_jessica, uniq_grinder

Skill      XL: |  1  2  3  4 |
---------------+-------------+-----
Transmutations | 2 |  2.3
Spellcasting   | 5 |  5.1
Invocations    | 1 |  1.4
Fighting       | 1 |  1.2
Short Blades   | 1 |  1.2
Long Blades    | 1 |  1.2
Axes           | 1 |  1.2
Maces & Flails | 1 |  1.2
Polearms       | 1 |  1.2
Staves         | 1 |  1.2
Slings         | 1 |  1.2
Bows           | 1 |  1.2
Crossbows      | 1 |  1.2
Throwing       | 1 |  1.2
Armour         | 1 |  1.2
Shields        | 1 |  1.2
Unarmed Combat | 1 |  1.2
Evocations     | 1 |  1.2
Conjurations   | 1 |  1.0
Hexes          | 1 |  1.0
Summonings     | 1 |  1.0
Necromancy     | 1 |  1.0
Translocations | 1 |  1.0
Fire Magic     | 1 |  1.0
Ice Magic      | 1 |  1.0
Air Magic      | 1 |  1.0
Poison Magic   | 1 |  1.0
Dodging        | |  4.7
Stealth        | |  4.3
Earth Magic    | |  5.5

Action                   |  1- 3 |  4- 6 || total
-------------------------+-------+-------++-------
Melee: Dagger            |    31 |       ||    31
       Unarmed           |     4 |       ||     4
       Bite              |     7 |     6 ||    13
       Short sword       |    80 |    47 ||   127
       Punch             |     1 |       ||     1
 Cast: Sandblast         |    18 |     9 ||    27
  Use: Scroll            |       |     5 ||     5
 Stab: Sleeping          |     9 |     3 ||    12
Armor: Robe              |    20 |    18 ||    38
Dodge: Dodged            |    78 |    31 ||   109
